 Dungeon Sprint DCSS version 0.28-a0-119-ga52ba8600a (webtiles) character file.

Game seed: 9306340689621087233

17967 lagrange the Unseen (level 12, -1/70 HPs)
             Began as a Spriggan Artificer on Aug 13, 2021.
             Was the Champion of Dithmenos.
             Killed by divine providence
             ... invoked by a daeva
              (9 damage)
             ... in the Dungeon (Sprint I: "Red Sonja").
             The game lasted 00:25:51 (2458 turns).

lagrange the Unseen (Spriggan Artificer)            Turns: 2458, Time: 00:25:52

Health: -1/70      AC:  4    Str:  8    XL:     12   Next: 23%
Magic:  20/20      EV: 33    Int: 14    God:    Dithmenos [******]
Gold:   507        SH:  0    Dex: 19    Spells: 11/11 levels left

rFire   . . .      SeeInvis +   w - +2 dagger (elec)
rCold   . . .      Faith    .   (shield restricted)
rNeg    + . .      Spirit   .   v - +1 robe {rN+}
rPois   .          Reflect  .   s - +2 hat
rElec   .          Harm     .   (no cloak)
rCorr   +          Rampage  .   (gloves unavailable)
Will    ++...      NoTele   +   (boots unavailable)
Stlth   ++++++++..              (no amulet)
HPRegen 0.21/turn               u - ring of resist corrosion
MPRegen 0.17/turn               (no ring)

@: very quick
A: very small, no large weapons, unfitting armour, see invisible, speed 3,
deformed body, deterioration 1
a: Renounce Religion, Shadow Step, Shadow Form


You were in the Dungeon.
You worshipped Dithmenos.
Dithmenos was exalted by your worship.
You visited 1 branch You collected 2109 gold pieces.
You spent 1602 gold pieces at shops.

Inventory:

Hand Weapons
 a - a +0 club
 l - a +1 dagger of speed
 w - a +2 dagger of electrocution (weapon)
Missiles
 n - 2 curare-tipped darts (quivered)
Armour
 b - a +0 robe
 p - a +0 troll leather armour
 s - a +2 hat (worn)
 v - a +1 robe of positive energy (worn)
Jewellery
 u - a ring of resist corrosion (left hand)
Wands
 d - a wand of charming (11)
 m - a wand of paralysis (9)
 z - a wand of flame (10)
Scrolls
 k - a scroll of blinking
 o - 3 scrolls of identify
 r - a scroll of fear
Potions
 f - a potion of curing
 g - a potion of heal wounds
 h - a potion of haste
 i - 2 potions of magic
 j - a potion of berserk rage
 q - 2 potions of brilliance
Miscellaneous
 c - a condenser vane
 e - a piece from Xom's chessboard (15/15)
 t - a phial of floods
 x - a box of beasts
 y - a phial of floods


   Skills:
 + Level 11.6 Fighting
 - Level 12.4 Short Blades
 - Level 5.0 Armour
 + Level 18.7 Dodging
 + Level 20.0 Stealth
 - Level 9.5 Invocations
 + Level 15.6 Evocations


You had 11 spell levels left.
You didn't know any spells.
Your spell library contained the following spells:

 Spells                   Type           Power      Damage    Failure   Level
 Freezing Cloud           Conj/Ice/Air   0%         6-21      100%        5
 Simulacrum               Ice/Necr       0%         N/A       100%        6
 Polar Vortex             Ice            0%         N/A       100%        9


Dungeon Overview and Level Annotations

Branches:
Dungeon (1/1)

Altars:
Cheibriados
Dithmenos
Elyvilon
Fedhas
Gozag
Hepliaklqana
Kikubaaqudgha
Makhleb
Nemelex Xobeh
Okawaru
Qazlal
Ru
Sif Muna
Trog
Uskayaw
Vehumet
Wu Jian
Xom
Yredelemnul
Zin
The Shining One
Jiyva
Lugonu

Shops:
D ?(!*?*!(:***(!(!!([[[


Innate Abilities, Weirdness & Mutations

You are very small and have problems with some larger weapons.
You are too small for most types of armour.
You have supernaturally acute eyesight. (SInv)
You cover ground extremely quickly. (Speed+++)
Armour fits poorly on your strangely shaped body.
Your body sometimes deteriorates upon taking damage.


Message History

You open the door.
Found a phial of floods.
There is an open door here.
You see here 27 gold pieces.
You now have 426 gold pieces (gained 27).
The daeva calls down the wrath of the Shining One upon you.
The Shining One smites you!
You see here 27 gold pieces.
You now have 453 gold pieces (gained 27).
You see here 27 gold pieces.
You now have 480 gold pieces (gained 27).
You see here 27 gold pieces.
You see here 27 gold pieces.
You see here 27 gold pieces.
You see here 27 gold pieces.
You see here a wand of flame (10).
You see here a phial of floods.
y - a phial of floods The daeva calls down the wrath of the Shining One upon you.
The Shining One smites you!
You see here a wand of flame (10).
z - a wand of flame (10)
You see here 27 gold pieces.
You now have 507 gold pieces (gained 27).
You see here 27 gold pieces.
The daeva calls down the wrath of the Shining One upon you.
The Shining One smites you!
You emit a cloud of dark smoke.
You see here 27 gold pieces.
The daeva calls down the wrath of the Shining One upon you.
The Shining One smites you!
* * * LOW HITPOINT WARNING * * *
You emit a cloud of dark smoke.
You see here 27 gold pieces.
The daeva calls down the wrath of the Shining One upon you.
The Shining One smites you!
* * * LOW HITPOINT WARNING * * *
You emit a cloud of dark smoke.
The daeva calls down the wrath of the Shining One upon you.
The Shining One smites you!
You die...

#..#§§§§§.§.§§.§§.#§§'$$$
##'#§####§§§.§##§§§^^#§§§
'.§#§# ##§§§#######'# §
#.)§.# $###'#§§§##..#
#'#### .$#y#§##§§§#..##
.^...#..$###.§###§#..≈###
≈..○○°○.$$$##.#A#§#..≈)|#
##○○.#°....#..###§#.)≈.##
.#^.°###++##.##§@§#†.≈##
.#..## #..#§###.)≈# .#..#
##.§§# ≈..## .##'#
###.#M≈..# .##.# #.###..#
§#### #.# +..# §# #+#
##'# §# .#


You could see a daeva.

Vanquished Creatures
  A deep elf annihilator (D)
  A lorocyproca (D)
  A hydra (D)
  2 centaur warriors (D)
  Sonja (D)
  A deep troll (D)
  A lindwurm (D)
  8 shining eyes (D)
  An oklob plant (D)
  2 merfolk sirens (D)
  A gargoyle (D)
  7 unseen horrors (D)
  3 demonic crawlers (D)
  2 kobold demonologists (D)
  A hellwing (D)
  4 hornets (D)
  A slime creature (D)
  Sigmund (D)
  2 redbacks (D)
  A yak (D)
  13 hogs (D)
  7 floating eyes (D)
  An ogre (D)
  7 necrophages (D)
  6 jellies (D)
  Ijyb (D)
  A ballistomycete spore (D)
78 creatures vanquished.

Vanquished Creatures (collateral kills)
  A demonic crawler (D)
  A jelly (D)
2 creatures vanquished.

Vanquished Creatures (others)
  A deep elf master archer (D)
  A gargoyle (D)
  A hornet (D)
  A jelly (D)
  A ballistomycete spore (D)
5 creatures vanquished.

Grand Total: 85 creatures vanquished

Notes
Turn   | Place    | Note
-------+----------+-------------------------------------------
     0 | D        | lagrange the Spriggan Artificer began the quest for the
                  | Orb.
     0 | D        | Reached XP level 1. HP: 9/9 MP: 2/2
     2 | D        | Noticed Ijyb
     6 | D        | Killed Ijyb
     7 | D        | Reached skill level 5 in Dodging
     7 | D        | Reached XP level 2. HP: 3/14 MP: 3/3
   276 | D        | Noticed an ogre
   285 | D        | Killed an ogre
   286 | D        | Reached skill level 1 in Fighting
   286 | D        | Reached skill level 2 in Stealth
   286 | D        | Reached skill level 10 in Evocations
   286 | D        | Reached XP level 3. HP: 18/18 MP: 4/4
   286 | D        | Reached XP level 4. HP: 22/22 MP: 5/5
   307 | D        | Noticed Sigmund
   315 | D        | Killed Sigmund
   316 | D        | Reached skill level 3 in Stealth
   316 | D        | Reached XP level 5. HP: 25/25 MP: 6/6
   316 | D        | Reached XP level 6. HP: 30/30 MP: 7/7
   431 | D        | Found a burning altar of Makhleb.
   431 | D        | Found a viscous altar of Jiyva.
   431 | D        | Found a shimmering altar of Xom.
   431 | D        | Found a corrupted altar of Lugonu.
   431 | D        | Noticed a slime creature
   453 | D        | Killed a slime creature
   454 | D        | Reached skill level 1 in Short Blades
   454 | D        | Reached skill level 10 in Dodging
   454 | D        | Reached skill level 6 in Stealth
   454 | D        | Reached skill level 15 in Evocations
   483 | D        | Found an ornate altar of the Wu Jian Council.
   483 | D        | Found a shimmering blue altar of Sif Muna.
   486 | D        | Found a radiant altar of Vehumet.
   512 | D        | Found Joxtitz's Assorted Antiques.
   512 | D        | Found an ancient bone altar of Kikubaaqudgha.
   512 | D        | Found a hazy altar of Hepliaklqana.
   512 | D        | Found a stormy altar of Qazlal.
   512 | D        | Found a hide-covered altar of Uskayaw.
   512 | D        | Found a blossoming altar of Fedhas.
   512 | D        | Found a bloodstained altar of Trog.
   512 | D        | Found an iron altar of Okawaru.
   512 | D        | Found a basalt altar of Yredelemnul.
   512 | D        | Found a glowing golden altar of the Shining One.
   512 | D        | Found a snail-covered altar of Cheibriados.
   512 | D        | Found a sacrificial altar of Ru.
   512 | D        | Found a glowing silver altar of Zin.
   512 | D        | Found a shadowy altar of Dithmenos.
   512 | D        | Found a white marble altar of Elyvilon.
   512 | D        | Noticed a yak
   523 | D        | Killed a yak
   524 | D        | Reached skill level 7 in Stealth
   524 | D        | Reached XP level 7. HP: 35/35 MP: 8/8
   524 | D        | Found an opulent altar of Gozag.
   525 | D        | Found a sparkling altar of Nemelex Xobeh.
   529 | D        | Bought a long brass wand for 108 gold pieces
   533 | D        | Became a worshipper of Dithmenos the Shadowed
   545 | D        | Noticed Sonja
   558 | D        | Killed Sonja
   559 | D        | Reached skill level 10 in Stealth
   559 | D        | Reached XP level 8. HP: 42/42 MP: 9/9
   581 | D        | Found Zosobb's Magic Scroll Boutique.
   589 | D        | Bought a scroll of identify for 28 gold pieces
   601 | D        | Noticed a deep troll
   605 | D        | Killed a deep troll
   606 | D        | Reached skill level 5 in Fighting
   606 | D        | Reached skill level 11 in Stealth
   648 | D        | Noticed a centaur warrior
   648 | D        | Noticed a centaur warrior
   651 | D        | Killed a centaur warrior
   651 | D        | Reached * piety under Dithmenos
   652 | D        | Reached skill level 13 in Stealth
   652 | D        | Reached XP level 9. HP: 49/49 MP: 10/10
   655 | D        | Killed a centaur warrior
   669 | D        | Reached skill level 14 in Stealth
   679 | D        | Noticed an oklob plant
   681 | D        | Killed an oklob plant
   681 | D        | Reached ** piety under Dithmenos
   682 | D        | Reached skill level 10 in Short Blades
   693 | D        | Reached XP level 10. HP: 56/56 MP: 11/11
   718 | D        | Reached skill level 15 in Dodging
   718 | D        | Reached skill level 15 in Stealth
   718 | D        | Reached skill level 1 in Invocations
   719 | D        | Reached *** piety under Dithmenos
   760 | D        | Reached **** piety under Dithmenos
   990 | D        | Reached ***** piety under Dithmenos
  1090 | D        | Noticed a shining eye
  1090 | D        | Noticed a shining eye
  1090 | D        | Noticed a shining eye
  1090 | D        | Noticed a shining eye
  1090 | D        | Noticed a shining eye
  1090 | D        | Noticed a shining eye
  1092 | D        | Noticed a shining eye
  1092 | D        | Noticed a shining eye
  1093 | D        | Killed a shining eye
  1094 | D        | Reached skill level 16 in Stealth
  1096 | D        | Killed a shining eye
  1099 | D        | Killed a shining eye
  1100 | D        | Reached skill level 5 in Invocations
  1101 | D        | Paralysed by a floating eye for 3 turns
  1103 | D        | Gained mutation: Armour fits poorly on your strangely
                  | shaped body. [a shining eye]
  1105 | D        | Gained mutation: Your body sometimes deteriorates upon
                  | taking damage. [a shining eye]
  1106 | D        | Killed a shining eye
  1106 | D        | Paralysed by a floating eye for 4 turns
  1118 | D        | Killed a shining eye
  1118 | D        | Reached ****** piety under Dithmenos
  1120 | D        | Killed a shining eye
  1121 | D        | Reached skill level 17 in Stealth
  1121 | D        | Reached XP level 11. HP: 59/62 MP: 11/16
  1121 | D        | Killed a shining eye
  1123 | D        | Killed a shining eye
  1134 | D        | Found Gygiruhu's Magic Scroll Shop.
  1134 | D        | Found Emimmege's Weapon Shoppe.
  1134 | D        | Found Wizel's General Store.
  1134 | D        | Found Zece's Distillery.
  1159 | D        | Bought a condenser vane for 400 gold pieces
  1159 | D        | Bought a scroll of fear for 35 gold pieces
  1189 | D        | Found Odoxidgh's Armour Emporium.
  1235 | D        | Found Diug's Antique Weapon Boutique.
  1235 | D        | Found Sahiz's Weapon Shoppe.
  1236 | D        | Found Umacwoen's Antique Armour Emporium.
  1236 | D        | Found Bygogg Ryrph's Book Boutique.
  1237 | D        | Found Mouvuux's Distillery.
  1310 | D        | Found Sikokh Hosch's Armour Emporium.
  1374 | D        | Found Zankehi's Assorted Antiques.
  1374 | D        | Found Leasecex's General Store.
  1374 | D        | Found Kuat's Assorted Antiques.
  1374 | D        | Found Geidudutz's Antique Weapon Boutique.
  1374 | D        | Found Munoys's Distillery.
  1374 | D        | Found Goesch's Weapon Shop.
  1374 | D        | Found Uniohess's Distillery.
  1378 | D        | Found Gitwotsuo's Distillery.
  1379 | D        | Bought a marble ring for 120 gold pieces
  1379 | D        | Bought an embroidered robe for 88 gold pieces
  1391 | D        | Bought a +1 dagger of electrocution for 156 gold pieces
  1391 | D        | Bought a box of beasts for 520 gold pieces
  1400 | D        | Bought a glowing hat for 147 gold pieces
  1454 | D        | Reached skill level 10 in Fighting
  1454 | D        | Reached skill level 1 in Armour
  1740 | D        | Noticed a lindwurm
  1742 | D        | Killed a lindwurm
  1743 | D        | Reached skill level 18 in Stealth
  1964 | D        | Noticed a daeva
  1971 | D        | Noticed a 12-headed hydra
  1973 | D        | Killed a 12-headed hydra
  1988 | D        | Noticed a deep elf annihilator
  2001 | D        | Reached skill level 19 in Stealth
  2002 | D        | Killed a deep elf annihilator
  2003 | D        | Reached XP level 12. HP: 55/70 MP: 15/20
  2039 | D        | Noticed a mummy priest
  2101 | D        | Reached skill level 5 in Armour
  2194 | D        | Killed a deep elf master archer
  2260 | D        | Noticed a lorocyproca
  2305 | D        | Killed a lorocyproca
  2429 | D        | Reached skill level 20 in Stealth
  2458 | D        | Killed from afar by a daeva

Illustrated notes

Levels and vault maps discovered:
D:        dungeon_sprint_1 [red_sonja_temple_1, red_sonja_temple_small_1]

Skill      XL: |  1  2  3  4  5  6  7  8  9 10 11 12 |
---------------+-------------------------------------+-----
Dodging        | 5 7 9 10 12 13 14 16 18 | 18.7
Evocations     | 7 10 13 15 | 15.6
Fighting       | 1 2 4 6 8 9 11 | 11.6
Stealth        | 2 3 7 10 13 14 17 19 20 | 20.0
Short Blades   | 3 6 8 10 12 | 12.4
Invocations    | 6 9 |  9.5
Armour         | 4 5 |  5.0

Action                   |  1- 3 |  4- 6 |  7- 9 | 10-12 || total
-------------------------+-------+-------+-------+-------++-------
Melee: Club              |     1 |       |       |       ||     1
       Dagger            |     1 |    15 |    10 |   262 ||   288
Invok: Shadow Step       |       |       |       |     4 ||     4
Evoke: Wand              |     6 |     8 |     4 |    19 ||    37
       Piece from Xom's  |       |     3 |       |     8 ||    11
       Condenser vane    |       |       |       |     2 ||     2
       Phial of floods   |       |       |       |     2 ||     2
       Box of beasts     |       |       |       |     1 ||     1
  Use: Scroll            |       |       |     1 |     2 ||     3
       Potion            |       |       |       |     3 ||     3
 Stab: Sleeping          |       |     2 |     6 |    24 ||    32
       Paralysed         |       |     3 |     2 |     5 ||    10
       Petrified         |       |     3 |       |       ||     3
       Petrifying        |       |     1 |       |     1 ||     2
       Distracted        |       |       |       |     1 ||     1
       Confused          |       |       |       |     2 ||     2
Armor: Robe              |       |       |     1 |     2 ||     3
       Troll leather arm |       |       |     1 |     5 ||     6
Dodge: Dodged            |     2 |     7 |     2 |   185 ||   196

Table legend: (Time is in decaauts)
 A = Elapsed time spent in this place.
 B = Non-inter-level travel time spent in this place.
 C = Inter-level travel time spent in this place.
 D = Time resting spent in this place.
 E = Time spent auto-exploring this place.
 F = Levels seen in this place.
 G = Mean time per level.
                   A        B        C        D        E       F      G
               +--------+--------+--------+--------+--------+-----+--------+
         Total |   1967 |   1961 |      6 |   1066 |     16 |   1 | 1967.0 |
       Dungeon |   1967 |   1961 |      6 |   1066 |     16 |   1 | 1967.0 |
               +--------+--------+--------+--------+--------+-----+--------+

Top non-repeatable levels by time:
       D: 1967 daAuts
